 Dungeon Crawl Stone Soup version 0.31-a0-795-g5eb97db20b (webtiles) character file.

Game seed: 5700926736151322580

364 Newt the Ducker (level 6, -4/49 HPs)
             Began as a Demonspawn Gladiator on Sept 18, 2023.
             Killed by divine providence
             ... invoked by an orc priest
              (11 damage)
             ... on level 3 of the Dungeon.
             The game lasted 00:02:27 (2354 turns).

Newt the Ducker (Demonspawn Gladiator)              Turns: 2354, Time: 00:02:28

Health: -4/49      AC:  5    Str: 22    XL:     6   Next: 39%
Magic:  6/6        EV: 12    Int:  9    God:
Gold:   99         SH:  7    Dex: 14    Spells: 5/5 levels left

rFire   + + .        f - +8 whip of the Destroying Spider {flame, rF++ rC++ Int-3}
rCold   + + .        k - +0 kite shield
rNeg    . . .        i - +0 robe of Diehat {*Corrode rElec Str+5 Int+3}
rPois   .            c - +0 helmet
rElec   +            q - +0 cloak
rCorr   .            (no gloves)
SInv    .            (no boots)
Will    .....        (no amulet)
Stlth   +            (no ring)
HPRegen 0.28/turn    (no ring)
MPRegen 0.10/turn

%: corrode self (3%)
@: no status effects
A: rugged brown scales 1, demonic guardian 1, ignite blood 1
a: no special abilities


You were on level 3 of the Dungeon.
You visited 1 branch of the dungeon, and saw 3 of its levels.

You collected 99 gold pieces.

Inventory:

Hand Weapons
 a - a +0 rapier
 f - the +8 whip of the Destroying Spider (weapon) {flame, rF++ rC++ Int-3}
   (You found it on level 3 of the Dungeon)

   Int-3:     It affects your intelligence (-3).
   rF++:      It greatly protects you from fire.
   rC++:      It greatly protects you from cold.
 j - a +2 whip of electrocution
Missiles
 d - a throwing net (quivered)
 e - a javelin
Armour
 b - a +0 leather armour
 c - a +0 helmet (worn)
 i - the +0 robe of Diehat (worn) {*Corrode rElec Str+5 Int+3}
   (You found it on level 2 of the Dungeon)

   Str+5:     It affects your strength (+5).
   Int+3:     It affects your intelligence (+3).
   rElec:     It insulates you from electricity.
   *Corrode:  It may corrode you when you take damage.
 k - a +0 kite shield (worn)
 q - a +0 cloak (worn)
Potions
 m - a potion of curing {unknown}
 n - a potion of invisibility {unknown}
 o - a potion of degeneration {unknown}


   Skills:
 - Level 4.0 Fighting
 - Level 4.0 Short Blades
 - Level 1.7 Throwing
 + Level 4.9 Dodging


You had 5 spell levels left.
You didn't know any spells.
Your spell library contained the following spells:

 Spells                   Type           Power      Damage    Failure   Level
 Sublimation of Blood     Necr           0%         N/A       85%         2
 Petrify                  Tmut/Erth      0%         N/A       100%        4
 Irradiate                Conj/Tmut      0%         3d11      100%        5


Dungeon Overview and Level Annotations

Branches:
Dungeon (3/15)

Altars:


Innate Abilities, Weirdness & Mutations

You are partially covered in rugged brown scales. (AC +1, +3% HP)
A weak demonic guardian rushes to your aid.
Your demonic aura sometimes causes spilled blood to erupt in flames.


Message History

Your iron imp dies!
Your iron imp disappears in a puff of smoke!
Unknown command.
You closely miss the orc priest.
The orc priest invokes the aid of Beogh against you.
You barely resist. You hit the orc priest. You burn the orc priest.
The orc priest is moderately wounded.
The orc priest looks encouraged for a moment.
The orc priest miscasts a cantrip.
The orc priest looks encouraged for a moment.
The orc priest calls down the wrath of Beogh upon you.
Beogh smites you!
You hit the orc priest. You burn the orc priest.
The orc priest is heavily wounded.
The orc priest calls down the wrath of Beogh upon you.
Beogh smites you!
* * * LOW HITPOINT WARNING * * *
A demonic guardian appears!
The frilled lizard completely misses your quasit.
You hit the orc priest. You burn the orc priest.
The orc priest is severely wounded.
Your quasit bites the frilled lizard.
The frilled lizard dies!
The orc priest hits you with a +0 short sword.
* * * LOW HITPOINT WARNING * * *
Unknown command.
You hit the orc priest. You burn the orc priest.
You kill the orc priest!
Your quasit closely misses the hobgoblin.
Your quasit barely misses the hobgoblin.
Your quasit claws the hobgoblin but does no damage.
The hobgoblin hits your quasit.
Your quasit bites the hobgoblin but does no damage.
Your quasit claws the hobgoblin but does no damage.
Your quasit barely misses the hobgoblin.
The goblin hits you but does no damage.
The orc priest mumbles some strange prayers to Beogh against you.
Beogh smites you!
You die...

,,,*,,,,,,,,,,,,,,*
,,,*,......,,,,,,.#
,,,#.........,,,,.#
,,,g........,,,,,.######**
,,,.........,,,,,.......,*
,,,*........,,..#........####
,,,**#...#.#*####........#### *
**** #...#.######g.......#### *
*****#.....)g5.)@o.......####****
,,,,*#.....######g...........,,,,
,,,.##...#.# ####.........###***,
,,,.......g# ####.........### **,
,,,.####.g†##########.###..##**,,
**,,,,,##.).)ggg####..####.##,,,*
***#......##S........####.##,***
#.......#......##.####...,**,
****#.........#.###..........,,,,


You could see an orc priest, 2 hobgoblins, a goblin (strong) and a friendly
quasit (summoned).

Vanquished Creatures
  Sigmund (D:2)
  Crazy Yiuf (D:2)
  An orc priest (D:3)
  Robin (D:3)
  5 adders (D:2)
  3 orcs (D:3)
  4 bats
  2 endoplasms
  3 giant cockroaches
  5 hobgoblins
  3 kobolds
  2 quokkas (D:3)
  2 ball pythons
  4 frilled lizards
  9 goblins
  7 rats
53 creatures vanquished.

Vanquished Creatures (collateral kills)
  Terence (D:2)
  An orc (D:3)
  A bat (D:2)
  A goblin (D:3)
  2 hobgoblins
  A quokka (D:2)
  A ball python (D:3)
  A frilled lizard (D:3)
  A rat (D:3)
10 creatures vanquished.

Grand Total: 63 creatures vanquished

Notes
Turn   | Place    | Note
-------+----------+-------------------------------------------
     0 | D:1      | Newt the Demonspawn Gladiator began the quest for the Orb.
     0 | D:1      | Reached XP level 1. HP: 16/16 MP: 1/1
   285 | D:1      | Gained mutation: A weak demonic guardian rushes to your
                  | aid. [demonic ancestry]
   285 | D:1      | Reached XP level 2. HP: 23/23 MP: 2/2
   790 | D:2      | Reached XP level 3. HP: 17/30 MP: 3/3
  1132 | D:2      | Identified the +0 robe of Diehat {*Corrode rElec Str+5
                  | Int+3}
  1137 | D:2      | Noticed Terence
  1148 | D:2      | Killed Terence
  1149 | D:2      | Gained mutation: Your demonic aura sometimes causes spilled
                  | blood to erupt in flames. [demonic ancestry]
  1149 | D:2      | Reached XP level 4. HP: 12/37 MP: 4/4
  1524 | D:2      | Noticed Sigmund
  1552 | D:2      | Killed Sigmund
  1553 | D:2      | Gained mutation: You are partially covered in rugged brown
                  | scales. (AC +1, +3% HP) [demonic ancestry]
  1553 | D:2      | Reached XP level 5. HP: 27/43 MP: 5/5
  1902 | D:2      | Found a runed translucent door.
  1903 | D:2      | Noticed Crazy Yiuf
  1939 | D:2      | Found a faded altar of an unknown god.
  2212 | D:2      | Killed Crazy Yiuf
  2213 | D:2      | Reached XP level 6. HP: 49/49 MP: 6/6
  2294 | D:3      | Noticed Robin
  2299 | D:3      | Identified the +8 whip of the Destroying Spider {flame,
                  | rF++ rC++ Int-3}
  2347 | D:3      | Killed Robin
  2354 | D:3      | Killed from afar by an orc priest

Illustrated notes

Levels and vault maps discovered:
D:1:      evilmike_arrival_fibonacci_small, layout_basic
D:2:      layout_basic, hellmonk_ecumenical_altar_lost_god, chequers_avenue,
          serial_bayou_lake_a, uniq_terence, uniq_crazy_yiuf_cottage,
          uniq_sigmund
D:3:      layout_rooms, minmay_misc_feat_four_crosses, uniq_robin

Skill      XL: |  1  2  3  4 |
---------------+-------------+-----
Fighting       | 3 4 |  4.0
Short Blades   | 3 4 |  4.0
Dodging        | 4 |  4.9
Throwing       | |  1.7

Action                     |  1- 3 |  4- 6 || total
---------------------------+-------+-------++-------
  Melee: Rapier            |   131 |    35 ||   166
         Whip              |       |    39 ||    39
  Throw: Throwing net      |       |     4 ||     4
    Use: Potion            |       |     2 ||     2
         Scroll            |       |     4 ||     4
   Stab: Held in net/web   |       |     2 ||     2
 Armour: Leather armour    |    97 |     5 ||   102
         Robe              |       |    49 ||    49
  Dodge: Dodged            |   110 |    68 ||   178
  Block: Kite shield       |       |    23 ||    23

Table legend: (Time is in decaauts)
 A = Elapsed time spent in this place.
 B = Non-inter-level travel time spent in this place.
 C = Inter-level travel time spent in this place.
 D = Time resting spent in this place.
 E = Time spent auto-exploring this place.
 F = Levels seen in this place.
 G = Mean time per level.
                   A        B        C        D        E       F      G
               +--------+--------+--------+--------+--------+-----+--------+
         Total |   2423 |   2336 |     87 |    250 |   1657 |   3 |  807.7 |
       Dungeon |   2423 |   2336 |     87 |    250 |   1657 |   3 |  807.7 |
               +--------+--------+--------+--------+--------+-----+--------+

Top non-repeatable levels by time:
     D:2: 1645 daAuts
     D:1: 707 daAuts
     D:3: 71 daAuts
